 Dungeon Crawl Stone Soup version 0.24.0-13-gcf9b319 (webtiles) character file.

Game seed: 18056848509551548631, levelgen mode: deterministic

77460 Fang the Fighter (level 15, -1/101 HPs)
             Began as a Gargoyle Berserker on Dec 3, 2019.
             Was the Champion of Trog.
             Killed from afar by an orc sorcerer (42 damage)
             ... with a bolt of fire
             ... on level 2 of the Orcish Mines on Dec 4, 2019.
             The game lasted 00:29:37 (22170 turns).

Fang the Fighter (Gargoyle Berserker)              Turns: 22170, Time: 00:29:38

Health: -1/101     AC: 36    Str: 35    XL:     15   Next: 56%
Magic:  15/15      EV: 11    Int: 10    God:    Trog [******]
Gold:   2106       SH: 18    Dex: 14    Spells: 14/14 levels left

rFire    . . .     SeeInvis +   A - +10 broad axe of Ofeptus {chop, rC+}
rCold    + . .     Gourm    .   B - +2 large shield
rNeg     + . .     Faith    .   b - +2 plate armour {MR+}
rPois    ∞         Spirit   .   w - +2 helmet
rElec    +         Reflect  .   y - scarf {repulsion}
rCorr    .         Harm     .   d - +1 pair of gloves {archery}
MR       ++++.                  (no boots)
Stlth    ..........             I - amulet "Bydexike" {Acrobat MR- Dex+3 SInv}
HPRegen  1.26/turn              m - ring "Taacemes" {rElec Str+5 Int+5 Dex+2}
MPRegen  0.14/turn              E - ring of Luul {+Inv MR+ Str+4 Int-4}

@: berserk cooldown, flying, regenerating, slowed, repel missiles, very slow
A: big wings, negative energy resistance 1, electricity resistance, unbreathing,
petrification resistance, rot immunity, AC +11
a: Stop Flying, Berserk, Trog's Hand, Brothers in Arms, Renounce Religion, Evoke
Invisibility


You were on level 2 of the Orcish Mines.
You worshipped Trog.
Trog was exalted by your worship.
You were hungry.

You visited 6 branches of the dungeon, and saw 26 of its levels.

You collected 2106 gold pieces.

Inventory:

Hand Weapons
 a - a +3 war axe
 A - the +10 broad axe of Ofeptus (weapon) {chop, rC+}
   (Trog gifted it to you on level 11 of the Dungeon)

   It inflicts extra damage upon your enemies.
   It protects you from cold.
Armour
 b - a +2 plate armour of magic resistance (worn)
 d - a +1 pair of gloves of archery (worn)
 w - a +2 helmet (worn)
 y - a scarf of repulsion (worn)
 B - a +2 large shield (worn)
 O - a +2 crystal plate armour
Jewellery
 m - the ring "Taacemes" (left hand) {rElec Str+5 Int+5 Dex+2}
   (You found it on level 1 of the Lair of Beasts)

   [ring of intelligence]

   It affects your strength (+5).
   It affects your intelligence (+5).
   It affects your dexterity (+2).
   It insulates you from electricity.
 n - an uncursed amulet of the gourmand
 s - a +4 ring of protection
 v - an uncursed amulet of regeneration
 E - the ring of Luul (right hand) {+Inv MR+ Str+4 Int-4}
   (You found it on level 4 of the Lair of Beasts)

   [ring of protection from magic]

   It affects your strength (+4).
   It affects your intelligence (-4).
   It affects your resistance to hostile enchantments.
   It lets you turn invisible.
 I - the amulet "Bydexike" (around neck) {Acrobat MR- Dex+3 SInv}
   (You found it on level 1 of the Lair of Beasts)

   [amulet of the acrobat]

   It helps you evade while moving and waiting.
   It affects your dexterity (+3).
   It affects your resistance to hostile enchantments.
   It lets you see invisible.
 M - an uncursed ring of protection from fire
Wands
 j - a wand of flame (72)
 q - a wand of disintegration (9)
 u - a wand of iceblast (51)
 D - a wand of polymorph (11)
 F - a wand of random effects (18)
 G - a wand of acid (24)
 K - a wand of enslavement (8)
 N - a wand of digging (7)
 P - a wand of paralysis (1)
Scrolls
 e - 4 scrolls of fog
 g - 4 scrolls of fear
 h - 4 scrolls of magic mapping
 i - 11 scrolls of remove curse
 k - 11 scrolls of teleportation
 C - a scroll of silence
 H - 2 scrolls of blinking
 L - 4 scrolls of identify
Potions
 f - 2 potions of berserk rage
 l - 11 potions of curing
 o - 7 potions of heal wounds
 p - 2 potions of resistance
 r - a potion of ambrosia
 t - 3 potions of invisibility
 x - a potion of cancellation
 z - 5 potions of haste
 J - a potion of agility
 Q - 3 potions of mutation
 R - 2 potions of might
Comestibles
 c - 42 rations
 S - 4 chunks of flesh


   Skills:
 + Level 14.7 Fighting
 + Level 12.7 Axes
 + Level 14.6 Armour
 + Level 11.6 Dodging
 + Level 2.7 Shields


You had 14 spell levels left.
You didn't know any spells.
Your spell library was empty.

Dungeon Overview and Level Annotations

Branches:
Dungeon (15/15)            Temple (1/1) D:7            Lair (6/6) D:11
  Swamp (0/4) Lair:3        Snake (1/4) Lair:4        Slime (1/5) Lair:5
    Orc (2/2) D:12         Vaults (0/5) D:14         Depths (0/5) D:15
    Elf: Orc:2

Altars:
Dithmenos
Nemelex Xobeh
Sif Muna
Trog
Jiyva

Shops:
D:4 *   D:7 :

Annotations:
D:3 Blork the orc
Snake:1 1 runed translucent door


Innate Abilities, Weirdness & Mutations

You are resistant to torment.
Your stone body is resilient. (AC +11)
You are immune to poison.
Your large and strong wings let you fly indefinitely.
You resist negative energy. (rN+)
You are resistant to electric shocks. (rElec)
You can survive without breathing.
You are immune to petrification.
You are immune to rotting.


Message History

You feel a strong urge to attack something.
You feel your anger nearly subside.
You are no longer berserk.
You are exhausted.
You feel yourself slow down.
You feel much better.
The orc priest calls upon Beogh to heal the orc knight.
The orc knight is healed somewhat.
The orc high priest invokes the aid of Beogh against you.
Beogh smites you!
The orc priest calls upon Beogh to heal the orc knight.
The orc knight is healed somewhat.
You block the rust devil's attack.
Your skin crawls.
You feel resistant to hostile enchantments.
You are feeling hungry.
You block the rust devil's attack. The orc sorcerer casts a spell at you.
The bolt of fire hits the rust devil.
The rust devil completely resists.
The bolt of fire hits you!!!
You die...

..#.#..[[#........####
.#.................#.##
.......[[)............#
....#..))............##
.......÷)##...)).....#
.......[[.###.)).<...#
............##)).....##
#..........[.##.......#
.#..#####...@o##.....##
#... ###.4..#..#.#.#
... ##oo.#..##...# ##
##o..#..# #.##
#.o.##... ..#
.÷..÷.))..#..... .#
..○.o3.÷.##......
÷...÷...## .......
....÷...# .........


You could see 2 orc knights, an orc high priest, a rust devil, an orc sorcerer
and an orc priest.

Vanquished Creatures
  Louise (D:14)
  Snorg (D:13)
  2 ice dragons (D:15)
  A vault guard (D:14)
  3 centaur warriors
  3 hydras
  6 two-headed ogres
  2 orc high priests (Orc:2)
  A fire crab (D:14)
  8 skeletal warriors (D:14)
  2 wizards (D:14)
  2 necromancers (D:14)
  2 orc knights (Orc:2)
  5 ugly things
  A wolf spider (D:13)
  2 orc sorcerers
  A manticore (D:13)
  5 cyclopes
  Maurice (D:11)
  5 black mambas
  A gargoyle (D:12)
  22 spiny frogs
  A torpor snail (Lair:6)
  4 rime drakes
  An efreet (D:13)
  2 yaktaurs
  A kobold demonologist (D:11)
  8 komodo dragons
  4 trolls
  A meliai (D:13)
  A hornet (D:9)
  3 tyrant leeches (Lair:6)
  25 blink frogs
  5 slime creatures (D:15)
  11 hippogriffs
  7 dream sheep (Lair:6)
  A vampire (D:8)
  A wyvern (D:13)
  A shadow (D:13)
  51 yaks
  3 basilisks
  2 hogs (D:9)
  20 humans
  Eustachio (D:5)
  A hungry ghost (D:15)
  11 vampire mosquitoes
  2 wargs
  A soldier ant (D:12)
  Edmund (D:5)
  9 water moccasins
  An acid dragon (D:15)
  11 porcupines
  13 orc warriors
  2 sky beasts
  2 black bears
  2 ice beasts
  4 eyes of draining (D:13)
  3 phantoms
  5 ogres
  5 wolves (Lair:3)
  11 centaurs
  22 crocodiles
  A big kobold (D:9)
  25 bullfrogs
  A wyvern zombie (D:14)
  A water moccasin zombie (D:10)
  4 scorpions
  12 killer bees (D:10)
  7 wights
  3 electric eels
  6 howler monkeys
  2 crimson imps
  A lava snake (Lair:3)
  5 centaur zombies
  4 jellies
  4 bullfrog zombies
  A quasit (D:10)
  5 orc priests
  5 hounds
  21 orc wizards
  3 bullfrog skeletons
  A centaur skeleton (D:8)
  10 iguanas
  6 worker ants
  A hound skeleton (D:10)
  2 mummies (D:14)
  A worker ant zombie (D:5)
  A howler monkey skeleton (D:10)
  12 gnolls
  15 adders
  3 shadow imps
  2 adder skeletons (D:8)
  3 adder zombies
  5 worms
  4 dart slugs
  14 leopard geckos
  49 orcs
  11 bats
  4 giant cockroaches
  10 goblins
  12 hobgoblins
  2 jackals (D:3)
  9 kobolds
  7 quokkas
  7 frilled lizards
  A leopard gecko skeleton (D:4)
  A leopard gecko zombie (D:6)
  2 quokka zombies (D:6)
  8 rats
  4 fungi
  3 plants
  A withered plant (D:14)
659 creatures vanquished.

Vanquished Creatures (collateral kills)
  A hydra (D:13)
  2 meliai (D:13)
  A slime creature (D:13)
4 creatures vanquished.

Vanquished Creatures (others)
  A vampire (D:13)
  An eye of draining (D:13)
  A wight (D:12)
  An orc wizard (Orc:2)
  6 fungi
  27 plants (Lair:6)
37 creatures vanquished.

Grand Total: 700 creatures vanquished

Notes
Turn   | Place    | Note
-------+----------+-------------------------------------------
     0 | D:1      | Fang the Gargoyle Berserker began the quest for the Orb.
     0 | D:1      | Reached XP level 1. HP: 14/14 MP: 1/1
    93 | D:1      | Reached XP level 2. HP: 19/19 MP: 2/2
   634 | D:1      | Reached XP level 3. HP: 21/24 MP: 3/3
   879 | D:1      | Reached ** piety under Trog
  1398 | D:2      | Reached XP level 4. HP: 29/29 MP: 4/4
  1502 | D:2      | Found a faded altar of an unknown god.
  2137 | D:3      | Reached XP level 5. HP: 12/33 MP: 5/5
  2830 | D:3      | Noticed Blork the orc
  2843 | D:3      | Reached *** piety under Trog
  2853 | D:3      | Found a shimmering blue altar of Sif Muna.
  3607 | D:4      | Reached XP level 6. HP: 39/39 MP: 6/6
  3686 | D:4      | Found Mouted's Assorted Antiques.
  3876 | D:5      | Entered Level 5 of the Dungeon
  4289 | D:5      | Found the +2 robe of Vines {NoPotionHeal Regen+7}
  4348 | D:5      | Noticed Eustachio
  4351 | D:5      | Noticed Edmund
  4360 | D:5      | Killed Eustachio
  4360 | D:5      | Reached skill level 5 in Fighting
  4360 | D:5      | Reached XP level 7. HP: 44/44 MP: 7/7
  4365 | D:5      | Killed Edmund
  4528 | D:5      | Reached skill level 5 in Armour
  5103 | D:6      | Found a shadowy altar of Dithmenos.
  5130 | D:6      | Reached XP level 8. HP: 30/51 MP: 8/8
  5368 | D:6      | Reached skill level 5 in Axes
  7130 | D:7      | Found a staircase to the Ecumenical Temple.
  7156 | Temple   | Entered the Ecumenical Temple
  7172 | D:7      | Reached XP level 9. HP: 39/56 MP: 9/9
  7438 | D:7      | Reached skill level 5 in Dodging
  7588 | D:7      | Found Saxisuf's Book Emporium.
  7692 | D:7      | Reached **** piety under Trog
  9078 | D:9      | Noticed a cyclops
  9096 | D:9      | Killed a cyclops
  9096 | D:9      | Reached XP level 10. HP: 34/64 MP: 10/10
  9502 | D:9      | Reached ***** piety under Trog
 10340 | D:10     | Entered Level 10 of the Dungeon
 11152 | D:11     | Noticed a kobold demonologist
 11164 | D:11     | Reached XP level 11. HP: 61/71 MP: 11/11
 11168 | D:11     | Noticed a sun demon
 11193 | D:11     | Found a staircase to the Lair.
 11428 | D:11     | Noticed a brown ugly thing
 11428 | D:11     | Noticed a white ugly thing
 11438 | D:11     | Killed a green ugly thing
 11448 | D:11     | Killed a green ugly thing
 11505 | D:11     | Received a gift from Trog
 11509 | D:11     | Got a scorched broad axe {god gift}
 11510 | D:11     | Identified the +10 broad axe of Ofeptus {chop, rC+} (Trog
                  | gifted it to you on level 11 of the Dungeon)
 11534 | D:11     | Noticed a two-headed ogre
 11541 | D:11     | Killed a two-headed ogre
 11541 | D:11     | Reached skill level 10 in Fighting
 11732 | D:11     | Noticed Maurice
 11745 | D:11     | Killed Maurice
 11891 | D:12     | Found a staircase to the Orcish Mines.
 11926 | D:12     | Found a bloodstained altar of Trog.
 11950 | D:12     | Reached skill level 10 in Armour
 12122 | D:12     | Noticed a two-headed ogre
 12131 | D:12     | Killed a two-headed ogre
 12488 | D:13     | Noticed Snorg
 12500 | D:13     | Killed Snorg
 12706 | D:13     | Reached XP level 12. HP: 75/79 MP: 12/12
 12931 | D:13     | Noticed a centaur warrior
 12945 | D:13     | Killed a centaur warrior
 13112 | D:13     | Noticed a two-headed ogre
 13119 | D:13     | Killed a two-headed ogre
 13359 | D:13     | Noticed a five-headed hydra
 13367 | D:13     | Killed a six-headed hydra
 13630 | D:13     | Received a gift from Trog
 13907 | Lair:1   | Entered Level 1 of the Lair of Beasts
 13917 | Lair:1   | Reached skill level 10 in Axes
 14139 | Lair:1   | Got a vibrating copper ring
 14140 | Lair:1   | Identified the ring "Taacemes" {rElec Str+5 Int+5 Dex+2}
                  | (You found it on level 1 of the Lair of Beasts)
 14446 | Lair:1   | Got an ancient tin amulet
 14530 | Lair:2   | Identified the amulet "Bydexike" {Acrobat MR- Dex+3 SInv}
                  | (You found it on level 1 of the Lair of Beasts)
 14540 | Lair:2   | Reached XP level 13. HP: 86/86 MP: 13/13
 14607 | Lair:2   | You fall into a shaft and drop 1 floor!
 14889 | Lair:3   | Found a staircase to the Swamp.
 15667 | Lair:2   | Reached ****** piety under Trog
 16038 | Lair:4   | Received a gift from Trog
 16293 | Lair:4   | Got a scintillating iron ring
 16339 | Lair:4   | Identified the ring of Luul {+Inv MR+ Str+4 Int-4} (You
                  | found it on level 4 of the Lair of Beasts)
 16661 | Lair:4   | Found a staircase to the Snake Pit.
 16889 | Lair:4   | Reached skill level 10 in Dodging
 17337 | Snake:1  | Entered Level 1 of the Snake Pit
 17341 | Snake:1  | Found a runed translucent gate.
 17483 | Lair:5   | Found a viscous altar of Jiyva.
 17483 | Lair:5   | Found a staircase to the Slime Pits.
 17833 | Lair:5   | Found a frozen archway.
 18192 | Slime:1  | Entered Level 1 of the Pits of Slime
 18192 | Slime:1  | Noticed an acid blob
 18234 | Lair:6   | Entered Level 6 of the Lair of Beasts
 18257 | Lair:6   | Gained mutation: Your large and strong wings let you fly
                  | indefinitely. [Gargoyle growth]
 18257 | Lair:6   | Reached XP level 14. HP: 54/94 MP: 14/14
 18693 | Lair:6   | Received a gift from Trog
 20250 | D:14     | Reached XP level 15. HP: 77/100 MP: 15/15
 20274 | D:14     | Received a gift from Trog
 20347 | D:14     | Found a gate to the Vaults.
 20385 | D:14     | Noticed Louise
 20397 | D:14     | Killed Louise
 20452 | D:14     | You are sucked into a shaft and drop 1 floor!
 20452 | D:15     | Entered Level 15 of the Dungeon
 20565 | D:15     | Found a staircase to the Depths.
 20856 | D:15     | Reached skill level 1 in Shields
 21603 | Orc:1    | Entered Level 1 of the Orcish Mines
 21795 | Orc:2    | Entered Level 2 of the Orcish Mines
 21842 | Orc:2    | Received a gift from Trog
 22170 | Orc:2    | Killed from afar by an orc sorcerer

Levels and vault maps discovered:
D:1:      wander_arrival_abandoned_jail, layout_basic
D:2:      layout_loops_corners, chequers_ecumenical_altar_twisty
D:3:      layout_loops_ring, minivault_25, tgw_sif
D:4:      layout_basic, serial_shops, shop
D:5:      layout_rooms, first_ration, uniq_eustachio, uniq_edmund
D:6:      layout_basic, old_standard_altar
D:7:      layout_rooms, minmay_temple_entry_wispy, serial_shops, shop,
          chequers_mini_garden
D:8:      minmay_chambers_of_sixes, layout_cave_pods
D:9:      layout_stronghold, grunt_livestock
D:10:     layout_loops_ring
D:11:     layout_loops_cross, david_lair_generic, uniq_maurice
D:12:     layout_rooms, orc_0_dummy, bloody_trog
D:13:     minmay_the_grid_triangle_9x9_rhombus_thin
          [minmay_the_grid_triangle_9x9_steps,
          minmay_the_grid_triangle_9x9_prize_top_heavy,
          minmay_the_grid_triangle_9x9_minimal,
          minmay_the_grid_triangle_9x9_windchime], layout_loops_corners,
          uniq_snorg
D:14:     layout_rooms, grunt_vaults_entry_tiered, serial_undead,
          serial_undead_c, serial_undead_e, serial_undead_b, serial_undead_f,
          minmay_checkerbox, uniq_louise
D:15:     grunt_enter_depths_hoard, layout_long_grid, serial_bayou_shore_b,
          st_stairs_13, minmay_strange_pillars
Temple:   regret_index_temple_sigil_plot
Lair:1:   layout_long_grid, beast_lair_carwin_11
Lair:2:   lemuel_reptile_caves, layout_misc_corridors
Lair:3:   layout_gridlike, swamp_mist_pool
Lair:4:   layout_hall_layers, dummy_snake_entry
Lair:5:   layout_cave_pods, slime_altar_1, portal_ice_cave_entry_pillars_1,
          grunt_megastairs_1
Lair:6:   minmay_lair_end_frog_pond, layout_misc_corridors, st_stairs_3,
          chequers_serial_rivers_marsh
Snake:1:  layout_onion, ebering_ghost_gozag
Slime:1:  layout_caves
Orc:1:    nicolae_orc_accident_3, layout_caves, nicolae_orc_pool_cavern
Orc:2:    grunt_orc_tribal_feast, layout_caves, serial_shops,
          nicolae_shop_temple_entry_statues_fountains

Skill      XL: |  1  2  3  4  5  6  7  8  9 10 11 12 13 14 15 |
---------------+----------------------------------------------+-----
Axes           | 3 4 5 7 8 9 10 11 12 | 12.7
Dodging        | 2 3 4 6 7 8 9 10 11 | 11.6
Armour         | 3 4 5 6 8 9 10 11 13 14 | 14.6
Fighting       | 4 5 6 8 9 10 12 13 14 | 14.7
Shields        | 2 |  2.7

Action                   |  1- 3 |  4- 6 |  7- 9 | 10-12 | 13-15 || total
-------------------------+-------+-------+-------+-------+-------++-------
Melee: Hand axe          |   116 |   296 |   595 |       |       ||  1007
       War axe           |       |       |    45 |   356 |       ||   401
       Broad axe         |       |       |       |   232 |   673 ||   905
       Unarmed           |       |       |       |     3 |       ||     3
Invok: Berserk           |     1 |     5 |     9 |     8 |    12 ||    35
       Trog's Hand       |       |     1 |     4 |     1 |     3 ||     9
       Brothers in Arms  |       |       |       |     2 |       ||     2
 Abil: Fly               |       |       |       |       |     1 ||     1
  Use: Scroll            |       |       |    16 |    11 |    11 ||    38
       Potion            |       |       |       |       |     1 ||     1
 Stab: Sleeping          |     1 |       |       |       |       ||     1
  Eat: Chunk             |     3 |    24 |    34 |    17 |    26 ||   104
       Ration            |       |       |       |     1 |     3 ||     4
Armor: Animal skin       |    57 |   149 |       |       |       ||   206
       Chain mail        |       |       |   126 |       |       ||   126
       Plate armour      |       |       |   366 |   566 |   469 ||  1401
Dodge: Dodged            |    86 |   233 |   290 |   392 |   634 ||  1635
       Deflected         |       |       |     2 |    12 |    11 ||    25
Block: Large shield      |       |       |       |       |   155 ||   155
